 Dungeon Crawl Stone Soup version 0.30.0-15-g856e2d3f33 (webtiles) character file.

Game seed: 1622634498657000521

16367 adizb the Pandemonic (level 12, -15/118 HPs)
             Began as a Troll Monk on May 20, 2023.
             Was a High Priest of Makhleb.
             Demolished by an ettin
             ... wielding a +0 dire flail
              (22 damage)
             ... on level 1 of the Orcish Mines.
             The game lasted 00:38:23 (7687 turns).

adizb the Pandemonic (Troll Monk)                   Turns: 7687, Time: 00:38:23

Health: -15/118    AC: 13    Str: 32    XL:     12   Next: 9%
Magic:  19/19      EV: 12    Int:  6    God:    Makhleb [*****.]
Gold:   900        SH:  0    Dex: 12    Spells: 11/11 levels left

rFire   . .          .
                       - Unarmed
rCold   . . .        (no shield)
rNeg    . . .        H - +3 troll leather armour
rPois   +            (helmet restricted)
rElec   .            B - +0 cloak
rCorr   .            (gloves unavailable)
SInv    .            (boots unavailable)
Will    .....        c - amulet of regeneration
Stlth   +            q - +6 ring of strength
HPRegen 2.79/turn    z - ring of poison resistance
MPRegen 0.16/turn

%: no passive effects
@: no status effects
A: large, unfitting armour, claws 3, regeneration 1, shaggy fur 1, tough skin 1,
iridescent scales 1
a: Renounce Religion, Minor Destruction, Lesser Servant of Makhleb, Major
Destruction, Greater Servant of Makhleb


You were on level 1 of the Orcish Mines.
You worshipped Makhleb.
Makhleb was extremely pleased with you.
You visited 3 branches of the dungeon, and saw 13 of its levels.

You collected 900 gold pieces.

Inventory:

Armour
 B - a +0 cloak (worn)
 H - a +3 troll leather armour (worn)
Jewellery
 c - an amulet of regeneration (around neck)
 q - a +6 ring of strength (left claw)
 y - a +6 ring of dexterity
 z - a ring of poison resistance (right claw)
 G - a ring of resist corrosion
Wands
 m - a wand of roots (4)
 D - a wand of polymorph (3)
Scrolls
 a - a scroll of silence {unknown}
 e - 4 scrolls of fog {unknown}
 f - a scroll of identify
 i - 3 scrolls of magic mapping
 n - 2 scrolls of noise {unknown}
 o - a scroll of immolation
 r - 4 scrolls of enchant weapon {unknown}
 s - 6 scrolls of teleportation {unknown}
 t - 4 scrolls of amnesia {unknown}
 u - 5 scrolls of fear
 A - 3 scrolls of poison {unknown}
Potions
 b - a potion of ambrosia
 d - 8 potions of curing
 g - 2 potions of mutation
 h - 4 potions of flight
 j - 2 potions of brilliance
 l - 3 potions of lignification
 p - 2 potions of haste
 v - a potion of invisibility
 w - a potion of berserk rage
 x - 3 potions of might
 C - 3 potions of heal wounds {unknown}
 E - a potion of cancellation {unknown}


   Skills:
 + Level 7.6 Fighting
 + Level 6.1 Armour
 + Level 6.9 Dodging
 + Level 9.0 Unarmed Combat
 * Level 11.0 Invocations


You had 11 spell levels left.
You didn't know any spells.
Your spell library contained the following spells:

 Spells                   Type           Power      Damage    Failure   Level
 Kiss of Death            Conj/Necr      0%         2d5       47%         1
 Cigotuvi's Dreadful Rot  Necr/Pois/Air  0%         N/A       63%         2
 Sublimation of Blood     Necr           0%         N/A       63%         2
 Confusing Touch          Hex            0%         N/A       85%         3
 Animate Dead             Necr           0%         N/A       99%         4
 Dispel Undead            Necr           0%         3d6       99%         4
 Iskenderun's Mystic Bla  Conj/Tloc      0%         2d3       99%         4
 Petrify                  Tmut/Erth      0%         N/A       99%         4
 Blade Hands              Tmut           0%         N/A       100%        5
 Borgnjor's Vile Clutch   Necr/Erth      0%         N/A       100%        5
 Irradiate                Conj/Tmut      0%         3d11      100%        5
 Death Channel            Necr           0%         N/A       100%        6
 Dragon Form              Tmut           0%         N/A       100%        7
 Malign Gateway           Summ/Tloc      0%         N/A       100%        7


Dungeon Overview and Level Annotations

Branches:
Dungeon (9/15)             Temple (0/1) D:5            Lair (3/5) D:9
  Snake (0/4) Lair:2          Orc (1/2) D:9
  Swamp: Lair:2-3    Shoals: Lair:2-3

Altars:
Makhleb
Okawaru
Qazlal
Uskayaw

Shops:
Orc:1 =

Portals:
Abyss: Lair:2

Annotations:
D:9 1 runed translucent door, bungle's ghost, journeyman DjCj
Lair:1 exclusion: oklob plant
Lair:2 2 transporters, Fannar


Innate Abilities, Weirdness & Mutations

You are too large for most types of armour.
You have claws for hands.
Your natural rate of healing is unusually fast.
You are covered in fur. (AC +1)
You have tough skin. (AC +1)
You are partially covered in iridescent scales. (AC +2)


Message History

The orc warrior barely misses you. The orc barely misses you.
The puff of flame misses the orc warrior.
The puff of flame hits the ettin but does no damage.
The orc warrior hits you with a +0 hand axe!
The orc barely misses you.
The glob of acid misses the orc warrior.
The glob of acid hits the ettin!
The acid corrodes the ettin!
The ettin is lightly wounded.
The orc warrior barely misses you. The orc closely misses you.
Activating: Greater Servant of Makhleb (28% risk of hostile)
Press: ? - help, Q - select action, (/) - cycle Dir - look around, f - activate A demon appears!
The orc warrior closely misses you. The orc warrior misses your balrug.
The orc misses you. The orc closely misses your balrug.
The ettin hits you with a +0 dire flail!! x2
The ettin attacks as you move away!
The ettin hits you with a +0 dire flail!!
* * * LOW HITPOINT WARNING * * *
The ettin hits you with a +0 dire flail!!
* * * LOW HITPOINT WARNING * * *
Your balrug gestures at the orc warrior.
The sticky flame hits the orc warrior!
The orc warrior is covered in liquid flames!
The orc barely misses you.
The orc hits your balrug but does no damage.
The orc warrior closely misses your balrug.
The orc warrior hits you with a +0 hand axe.
* * * LOW HITPOINT WARNING * * *
As you read the scroll of fear, it crumbles to dust.
You assume a fearsome visage.
The orc warrior looks frightened!
The orc looks frightened!
The ettin looks frightened!
The orc warrior burns!
The orc warrior dies!
Makhleb accepts your kill.
Your balrug gestures at the ettin.
The sticky flame hits the ettin!
Your balrug's attack snaps the ettin out of its fear.
The ettin is covered in liquid flames!
The orc misses your balrug. The orc hits you but does no damage.
The ettin hits you with a +0 dire flail!!
You die...

#### ##### ###
#.#.#.##...## ##..##
............###....#
.................##
####.##..>..........###.
#.#............$........
...............$C)..)...
#.............$.@o2.....
........................
.^....................#$
..........#..#..........
........................
..............#.......#.
.............###.###.#..
.##.....)#...##### ....
.###..........##


You could see an ettin (burning, corroded, ally target), an orc (fleeing) and a
friendly balrug (summoned).

Vanquished Creatures
  Erica (D:9)
  Pikel (D:4)
  3 oklob plants (Lair:1)
  2 black mambas
  3 cane toads
  A komodo dragon (Lair:2)
  A troll (D:9)
  7 blink frogs
  2 wyverns
  23 yaks
  A basilisk (Lair:1)
  A steam dragon (D:9)
  2 nagas (Lair:2)
  10 water moccasins
  7 orc warriors
  4 black bears
  A sky beast (D:8)
  An ice beast (D:7)
  6 wolves (Lair:1)
  4 ogres
  A centaur (D:5)
  A lemure (D:4)
  2 kobold brigands
  A phantom (D:4)
  4 bullfrogs
  2 gnoll sergeants
  4 scorpions
  14 howler monkeys
  2 hounds
  3 jellies
  11 orc priests
  A gnoll bouda (D:4)
  A sleepcap (D:8)
  3 iguanas
  9 orc wizards
  6 gnolls
  10 adders
  2 shadow imps
  2 ufetubi (D:6)
  3 worms
  3 dart slugs
  44 orcs
  5 endoplasms
  5 giant cockroaches
  5 goblins
  7 hobgoblins
  15 jackals
  2 quokkas
  6 ball pythons
  5 bats
  2 frilled lizards (D:3)
  13 kobolds
  4 rats
279 creatures vanquished.

Vanquished Creatures (collateral kills)
  A hydra (Lair:2)
  3 yaks (Lair:1)
  A water moccasin (Lair:1)
  An orc warrior (Orc:1)
6 creatures vanquished.

Vanquished Creatures (others)
  An orc wizard (D:7)
1 creature vanquished.

Grand Total: 286 creatures vanquished

Notes
Turn   | Place    | Note
-------+----------+-------------------------------------------
     0 | D:1      | adizb the Troll Monk began the quest for the Orb.
     0 | D:1      | Reached XP level 1. HP: 22/22 MP: 0/0
   144 | D:1      | Reached skill level 1 in Invocations
   144 | D:1      | Reached XP level 2. HP: 29/29 MP: 1/1
   374 | D:1      | Reached XP level 3. HP: 36/36 MP: 3/3
   709 | D:2      | You fall into a shaft and drop 1 floor!
   725 | D:3      | Reached skill level 2 in Invocations
   793 | D:2      | Reached XP level 4. HP: 44/44 MP: 4/4
  1367 | D:3      | Found a burning altar of Makhleb.
  1375 | D:3      | Became a worshipper of Makhleb the Destroyer
  1375 | D:3      | Reached * piety under Makhleb
  1375 | D:3      | Reached ** piety under Makhleb
  1780 | D:3      | Found an iron altar of Okawaru.
  2080 | D:4      | Noticed an ogre
  2080 | D:4      | Noticed a black bear
  2090 | D:4      | Killed an ogre
  2091 | D:4      | Reached skill level 3 in Invocations
  2091 | D:4      | Reached XP level 5. HP: 53/53 MP: 6/6
  2125 | D:4      | Killed a black bear
  2126 | D:4      | Reached XP level 6. HP: 55/61 MP: 7/7
  2146 | D:4      | Found a hide-covered altar of Uskayaw.
  2285 | D:4      | Reached skill level 4 in Invocations
  2310 | D:4      | Reached XP level 7. HP: 23/68 MP: 9/9
  2408 | D:4      | Reached *** piety under Makhleb
  2409 | D:4      | Reached skill level 5 in Invocations
  2524 | D:4      | Got the Anthology of Filth and the Wayfarer
  2557 | D:5      | Entered Level 5 of the Dungeon
  2562 | D:5      | Noticed Pikel
  2589 | D:4      | Killed Pikel
  2590 | D:4      | Reached skill level 1 in Armour
  2590 | D:4      | Reached skill level 5 in Unarmed Combat
  2590 | D:4      | Reached XP level 8. HP: 24/79 MP: 9/11
  2601 | D:4      | Gained mutation: You expend magic power (3 MP) to
                  | strengthen your wands. [potion of mutation]
  2602 | D:4      | Lost mutation: You expend magic power (3 MP) to strengthen
                  | your wands. [potion of mutation]
  2602 | D:4      | Gained mutation: You are partially covered in iridescent
                  | scales. (AC +2) [potion of mutation]
  2680 | D:5      | Reached skill level 6 in Invocations
  2718 | D:5      | Found a staircase to the Ecumenical Temple.
  3111 | D:5      | Found a stormy altar of Qazlal.
  3610 | D:6      | Reached skill level 5 in Fighting
  3930 | D:7      | Reached XP level 9. HP: 88/88 MP: 11/13
  4171 | D:7      | Reached skill level 7 in Invocations
  4255 | D:7      | Reached **** piety under Makhleb
  4938 | D:9      | Noticed Erica
  4969 | D:9      | HP: 2/88 [Erica/lance of force (22)]
  5004 | D:9      | Killed Erica
  5005 | D:9      | Reached skill level 8 in Invocations
  5102 | D:9      | Reached XP level 10. HP: 93/98 MP: 15/15
  5127 | D:9      | Reached skill level 5 in Dodging
  5231 | D:9      | Found a staircase to the Lair.
  5299 | D:9      | Identified the +9 broad axe "Sumuczax" {freeze, Str+2 Int+5
                  | Dex-5}
  5399 | D:9      | Reached skill level 9 in Invocations
  5404 | D:9      | Reached ***** piety under Makhleb
  5582 | D:9      | Found a staircase to the Orcish Mines.
  5596 | D:9      | Found a runed translucent door.
  5597 | D:9      | Noticed bungle's ghost (journeyman DjCj)
  5599 | D:9      | Identified the +4 trident "Emaruir" {drain, rN+ rCorr
                  | Str+3}
  5728 | Lair:1   | Entered Level 1 of the Lair of Beasts
  5849 | Lair:1   | Reached skill level 5 in Armour
  5849 | Lair:1   | Reached XP level 11. HP: 105/107 MP: 17/17
  6012 | Lair:1   | Identified the +0 robe "Etesoor" {rPois}
  6155 | Lair:1   | Noticed an oklob plant
  6272 | Lair:1   | Reached skill level 10 in Invocations
  6434 | Lair:1   | Noticed an oklob plant
  6453 | Lair:1   | Noticed an oklob plant
  6497 | Lair:1   | Killed an oklob plant
  6590 | Lair:1   | Killed an oklob plant
  6644 | Lair:1   | Noticed an oklob plant
  6693 | Lair:1   | Killed an oklob plant
  6809 | Lair:2   | Noticed a rakshasa
  6834 | Lair:2   | Found a transporter.
  6839 | Lair:2   | Noticed a purple ugly thing
  6839 | Lair:2   | a merfolk changed into an orb spider
  6839 | Lair:2   | Noticed an orb spider (glowing shapeshifter)
  6848 | Lair:2   | Found a one-way gate to the infinite horrors of the Abyss.
  6873 | Lair:2   | Noticed a sea snake
  6944 | Lair:2   | Found a staircase to the Snake Pit.
  6966 | Lair:2   | HP: 3/109 [komodo dragon (16)]
  7045 | Lair:2   | Found a transporter.
  7126 | Lair:2   | Noticed a six-headed hydra
  7137 | Lair:2   | Killed an eight-headed hydra
  7138 | Lair:2   | HP: 2/109 [black mamba (11)]
  7140 | Lair:2   | Reached XP level 12. HP: 11/118 MP: 19/19
  7187 | Lair:2   | Noticed Fannar
  7365 | Orc:1    | Entered Level 1 of the Orcish Mines
  7550 | Orc:1    | Found Huadakiyku's Jewellery Emporium.
  7601 | Orc:1    | Reached skill level 11 in Invocations
  7678 | Orc:1    | Noticed an ettin
  7686 | Orc:1    | HP: 3/118 [ettin/+0 dire flail (31)]
  7687 | Orc:1    | Demolished by an ettin

Illustrated notes

Levels and vault maps discovered:
D:1:      amcnicky_arrival_wind_blow, layout_loops_ring
D:2:      layout_basic, kennysheep_generic_room_8
D:3:      layout_loops_corners, overflow_temple_1_default,
          mainiacjoe_overflow_alcove_1, serial_bayou, serial_bayou_lagoon_a,
          serial_bayou_pond_c, serial_bayou_pond_d, serial_bayou_ford_a,
          minmay_distorted
D:4:      layout_rooms, eat_drink_and_be_merry_uskayaw,
          minmay_fractal_squares_gapless_5
D:5:      layout_basic, lemuel_tele_altar, minmay_temple_entry_drinking_statues,
          uniq_pikel
D:6:      layout_loops_ring, corexii_item_surrounded_by_moat, feat_on_display
D:7:      layout_loops_ring, grunt_ogre_cave
D:8:      layout_basic
D:9:      layout_loops_ring, due_lair_maze_entry_diamond,
          ebering_ghost_funeral_grove, uniq_erica
Lair:1:   minmay_lair_oklob_tunnel, layout_cave_pods, grunt_megastairs_5
Lair:2:   layout_misc_corridors, guppyfry_snake_entry_island,
          gammafunk_ghost_abyssal_escape, uniq_fannar, uniq_nergalle
Lair:3:   layout_chaotic_city, nicolae_swamp_entry_splash_gauntlet
Orc:1:    layout_caves, serial_shops, nicolae_shop_statue_plus

Skill      XL: |  1  2  3  4  5  6  7  8  9 10 11 12 |
---------------+-------------------------------------+-----
Invocations    | 1 2 3 4 5 6 8 9 10 11 | 11.0
Fighting       | 3 4 5 6 7 |  7.6
Unarmed Combat | 4 5 6 7 8 9 |  9.0
Armour         | 1 2 3 5 6 |  6.1
Dodging        | 3 4 5 6 |  6.9

Action                     |  1- 3 |  4- 6 |  7- 9 | 10-12 || total
---------------------------+-------+-------+-------+-------++-------
  Melee: Unarmed           |    65 |   124 |   222 |   388 ||   799
         Punch             |       |     4 |    10 |    19 ||    33
 Invoke: Minor Destruction |       |    29 |   134 |   128 ||   291
         Lesser Servant of |       |       |     1 |     3 ||     4
         Major Destruction |       |       |       |     4 ||     4
         Greater Servant o |       |       |       |     1 ||     1
    Use: Scroll            |       |       |     6 |    13 ||    19
         Potion            |       |       |     3 |     1 ||     4
   Stab: Sleeping          |       |     2 |       |       ||     2
         Distracted        |       |       |       |     1 ||     1
 Armour: Robe              |    19 |    52 |    59 |    29 ||   159
         Troll leather arm |       |       |       |   121 ||   121
  Dodge: Dodged            |    25 |    58 |   113 |   201 ||   397
